[Event "SixDays Budapest IM-A 09-2024"]
[Site "Budapest"]
[Date "2024.09.28"]
[Round "7.1"]
[White "Krishna C R G"]
[Black "Bashylina, Luisa"]
[Result "1/2-1/2"]
[ECO "A48"]
[WhiteElo "2425"]
[BlackElo "2124"]
[Annotator "ChessBase"]
[PlyCount "85"]
[EventDate "2024.09.24"]
[EventType "tourn"]
[EventCountry "HUN"]
[SourceTitle "playchess.com"]
[Source "ChessBase"]
[SourceQuality "1"]
[TimeControl "5400+30"]

1. d4 Nf6 2. Nf3 g6 3. c4 Bg7 4. e3 O-O 5. Be2 c5 6. d5 d6 7. O-O e5 8. dxe6 fxe6 9. Nc3 Nc6 10. e4 b6 11. Be3 Bb7 12. Qd2 Qe7 13. Rad1 Rad8 14. Bg5 Qf7 15. Bh6 Qe7 16. h3 Ne5 17. Bxg7 Nxf3+ 18. Bxf3 Kxg7 19. Rfe1 Ne8 20. Re3 e5 21. Rd3 Rf6 22. b3 Bc6 23. h4 Qf7 24. Ne2 b5 25. Rc1 Qb7 26. Ng3 Rf4 27. h5 Qe7 28. Rd1 Rb8 29. cxb5 Bxb5 30. Re3 Rb6 31. Be2 Bxe2 32. Nxe2 Rh4 33. Nc3 Nf6 34. hxg6 hxg6 35. Nd5 Nxd5 36. Qxd5 Rh8 37. Rdd3 Qf7 38. Qxf7+ Kxf7 39. Rg3 Rh4 40. Rgf3+ Ke6 41. Rg3 Kf7 42. Rgf3+ Ke6 43. Rg3 1/2-1/2

[Event "SixDays Budapest IM-A 09-2024"]
[Site "Budapest"]
[Date "2024.09.28"]
[Round "7.2"]
[White "Boyer, Mahel"]
[Black "Kao, Jamison Edrich"]
[Result "1-0"]
[ECO "E61"]
[WhiteElo "2489"]
[BlackElo "2125"]
[Annotator "TA"]
[PlyCount "57"]
[EventDate "2024.09.24"]
[EventType "tourn"]
[EventCountry "HUN"]
[SourceTitle "playchess.com"]
[Source "ChessBase"]
[SourceQuality "1"]
[TimeControl "5400+30"]

1. d4 Nf6 2. c4 g6 3. Nc3 Bg7 4. Nf3 O-O 5. h3 d6 6. g4 {[%emt 0:00:08] E61: Konings-Indisch: Vroege afwijkingen voor Wit, inclusief Smyslov Systeem.} (6. e4 $14) 6... c5 $11 {[%emt 0:03:44] Beste} 7. d5 {[%emt 0:00:08] Onnauwkeurig} e6 {[%emt 0:02:33] Fout (0.5)} (7... Re8 $15) 8. Bg2 {[%emt 0:00:05] OK. De stelling is in evenwicht.} exd5 {[%emt 0:00:18] OK} 9. cxd5 Re8 $1 {[%emt 0:07:15] Sterk} 10. Nd2 h5 {[%emt 0:14:46] blijft gelijk. Fout (0.9)} (10... Nbd7 $11) 11. g5 Nh7 {[%emt 0:00:04] OK} 12. f4 $146 {[%emt 0:09:13] Onnauwkeurig} ({Predecessor:} 12. Nde4 Bf5 13. h4 b5 14. Ng3 Bg4 15. Nxb5 f6 16. gxf6 Bxf6 17. Qc2 Kg7 18. Bf4 {1-0 Indjic,A (2636)-Perunovic,M (2417) SRB-ch 16th Bajina Basta 2022 (2)}) {Beter is} 12... f6 $2 {[%emt 0:02:32] Fout (1.6)} (12... Bd7 $14) 13. gxf6 $1 $18 {[%emt 0:00:33] Sterk} Nxf6 {[%emt 0:00:56][%cal Bh7f6,Bf6h5,Bh5g3][%mdl 32] [#] EV=27.62. Goes to g3 (dbg))} 14. O-O $1 {[%emt 0:00:56] OK} Nbd7 {[%emt 0:01:50] OK} 15. e4 {[%emt 0:01:55][%cal Oe4e5] En nu zou e5! winnen. OK} h4 {[%emt 0:09:50] [#] OK} {Enige zet:} 16. a4 {[%emt 0:23:24] Fout (0.7)} (16. e5 $1 $18 ) 16... Nh5 $16 {[%emt 0:09:57] Beste} {Wit zou moeten proberen} 17. Nf3 {[%emt 0:00:50] Fout (0.6)} (17. Ne2 $16) 17... Ng3 $14 {[%emt 0:05:46][%cal Oc5c4] OK} 18. Re1 {[%emt 0:00:06][%cal Oe4e5] Zwart moet nu e5! voorkomen. Beste (Gemakkelijk)} {Zwart zou moeten spelen} Nf6 {[%emt 0:03:58] Fout (0.6)} (18... Bxc3 19. bxc3 Nf6) 19. e5 (19. Nxh4 Nfxe4 20. Nxe4 Nxe4 21. Nxg6 Bf5 $11) 19... dxe5 {[%emt 0:00:22][%mdl 8192] Krijgt de voorkeur. Verliest partij (2.8)} (19... Nfh5 $16) 20. fxe5 $18 Nh7 {[%emt 0:03:18] Voorkomt Bg5.} 21. e6 ({Zwakker is} 21. Bf4 Bf5 22. d6 Nh5 $18) 21... Qb6 {[%emt 0:09:00] Fout (2.2)} (21... Nf8 $142 22. Bg5 Qb6 23. Nxh4 (23. Bxh4 c4+ 24. Kh2 Nf5 $18) 23... Qxb2) 22. a5 {[%emt 0:05:16] Wit is duidelijk aan het winnen.} Qd6 {[%emt 0:01:49] Onnauwkeurig} 23. Qa4 Bxe6 24. dxe6 Rxe6 25. Bf4 (25. Qxh4 Rxe1+ 26. Kf2 (26. Nxe1 $2 {slaat de verkeerde figuur.} Bd4+ $19) 26... Bxc3 27. Qc4+ Qe6 28. Qxe6+ Rxe6 $19) 25... Rxe1+ 26. Rxe1 Qf6 27. Nd5 Qf7 28. Ne7+ Kh8 29. Ne5 {[%emt 0:00:14] Blunder waarde: Wit=0.25 (precies) /Zwart=0.97.  Verliest partij:   	---       	Zwart=1      Fout:        	Wit=2      	Zwart=5      Onnauwkeurig:    	Wit=2      	Zwart=1      OK:         	Wit=3      	Zwart=5      Beste:        	Wit=1      	Zwart=2      Sterk:        	Wit=1      	Zwart=1} 1-0

[Event "SixDays Budapest IM-A 09-2024"]
[Site "Budapest"]
[Date "2024.09.28"]
[Round "7.3"]
[White "Ramsdal, Jens Albert"]
[Black "Wadifa, Ahmed"]
[Result "0-1"]
[ECO "A06"]
[WhiteElo "2328"]
[BlackElo "1988"]
[Annotator "ChessBase"]
[PlyCount "114"]
[EventDate "2024.09.24"]
[EventType "tourn"]
[EventCountry "HUN"]
[SourceTitle "playchess.com"]
[Source "ChessBase"]
[SourceQuality "1"]
[TimeControl "5400+30"]

1. Nf3 d5 2. e3 Nf6 3. c4 e6 4. b3 c5 5. Bb2 Nc6 6. cxd5 exd5 7. Be2 Bd6 8. O-O O-O 9. d4 b6 10. Nc3 a6 11. Qd3 Nb4 12. Qb1 Re8 13. a3 Nc6 14. Na4 Ne4 15. dxc5 bxc5 16. Rd1 Bb7 17. Qd3 Na5 18. Rab1 Bc6 19. Qc2 Rb8 20. Nc3 Nf6 21. Ba1 Rb6 22. Na4 Bxa4 23. bxa4 Rxb1 24. Rxb1 c4 25. Rd1 Ne4 26. g3 Qa8 27. Nd4 Be5 28. Bf3 Bf6 29. Kg2 h6 30. h4 Nc6 31. Nf5 Bxa1 32. Rxa1 Na5 33. Rd1 Nb3 34. Qb2 f6 35. Nd4 Nbc5 36. Qb6 Rb8 37. Qc7 Qb7 38. Qc6 Qxc6 39. Nxc6 Rb2 40. Rf1 Kf7 41. Nb4 Nd3 42. Bxe4 dxe4 43. Nxa6 c3 44. Nb4 c2 45. Nxc2 Rxc2 46. a5 Ra2 47. g4 Rxa3 48. Rb1 Rxa5 49. Rb7+ Kg6 50. Kg3 Ra2 51. h5+ Kh7 52. f3 exf3 53. Kxf3 Ne5+ 54. Kf4 Ra4+ 55. e4 Ra3 56. Kf5 Rf3+ 57. Ke6 Rf4 0-1

[Event "SixDays Budapest IM-A 09-2024"]
[Site "Budapest"]
[Date "2024.09.28"]
[Round "7.4"]
[White "Kwon, Sehyun"]
[Black "Pacher, Milan"]
[Result "1-0"]
[ECO "D10"]
[WhiteElo "2248"]
[BlackElo "2343"]
[Annotator "ChessBase"]
[PlyCount "127"]
[EventDate "2024.09.24"]
[EventType "tourn"]
[EventCountry "HUN"]
[SourceTitle "playchess.com"]
[Source "ChessBase"]
[SourceQuality "1"]
[TimeControl "5400+30"]

1. d4 d5 2. c4 c6 3. cxd5 cxd5 4. Nc3 Nf6 5. Nf3 Nc6 6. Ne5 e6 7. e3 Nxe5 8. dxe5 Nd7 9. f4 Nc5 10. Be2 Bd7 11. O-O Ne4 12. Nxe4 dxe4 13. Qb3 Qb6 14. Qxb6 axb6 15. Bd2 Bc6 16. Bc3 b5 17. Bd4 b4 18. Rfc1 Be7 19. Bc4 g6 20. Bb3 h5 21. Kf2 h4 22. Bc5 g5 23. Bxe7 Kxe7 24. Rc4 Rhd8 25. Rc2 gxf4 26. exf4 Rd3 27. Bc4 e3+ 28. Ke2 Rd4 29. g3 hxg3 30. hxg3 Rh8 31. Bd3 Rhd8 32. Bh7 Kf8 33. Kxe3 b3 34. axb3 Rb4 35. Rc3 Kg7 36. Bc2 Rh8 37. Rc4 Rb6 38. Rd4 Rh3 39. Rg1 Bd5 40. Rd3 Ra6 41. Kd4 Rh2 42. Rc3 Ra2 43. Rb1 Rd2+ 44. Ke3 Rg2 45. Kd4 Rd2+ 46. Bd3 Bc6 47. Rc2 Rxc2 48. Bxc2 f5 49. exf6+ Kxf6 50. g4 b5 51. g5+ Ke7 52. Kc5 Be8 53. Bd3 Ra8 54. Rh1 Rc8+ 55. Kd4 Bc6 56. Rh7+ Kd6 57. g6 Bd5 58. b4 Bc4 59. Be4 Ba2 60. Ra7 Bb3 61. g7 Rc4+ 62. Ke3 e5 63. g8=Q exf4+ 64. Kxf4 1-0

[Event "SixDays Budapest IM-A 09-2024"]
[Site "Budapest"]
[Date "2024.09.28"]
[Round "7.5"]
[White "Bashirov, Kemal"]
[Black "Pavan Karthikeya Varma Gunturi"]
[Result "1-0"]
[ECO "E20"]
[WhiteElo "2328"]
[BlackElo "2056"]
[Annotator "ChessBase"]
[PlyCount "83"]
[EventDate "2024.09.24"]
[EventType "tourn"]
[EventCountry "HUN"]
[SourceTitle "playchess.com"]
[Source "ChessBase"]
[SourceQuality "1"]
[TimeControl "5400+30"]

1. d4 Nf6 2. c4 e6 3. Nc3 Bb4 4. f3 d5 5. a3 Bxc3+ 6. bxc3 O-O 7. cxd5 exd5 8. e3 b6 9. Bd3 Bb7 10. Ne2 Nbd7 11. O-O c5 12. Ng3 Re8 13. Re1 Qc7 14. Bb2 a5 15. e4 dxe4 16. fxe4 c4 17. Bc2 Qc6 18. Bc1 Rad8 19. Bg5 h6 20. Bf4 b5 21. Qf3 b4 22. axb4 axb4 23. cxb4 Qb6 24. Be3 Qxb4 25. Bf2 Qd2 26. Re2 Qg5 27. Nf5 Nf8 28. Rb1 Ba8 29. Bh4 Qg6 30. Rbe1 Bc6 31. d5 Bb7 32. e5 Bxd5 33. Qf1 Qh5 34. exf6 Rxe2 35. Qxe2 Qxe2 36. Rxe2 g6 37. Ne7+ Kh7 38. Rd2 c3 39. Rxd5 Rb8 40. Rc5 Ne6 41. Rxc3 Nd4 42. Bd3 1-0

[Event "SixDays Budapest IM-A 09-2024"]
[Site "Budapest"]
[Date "2024.09.28"]
[Round "8.1"]
[White "Bashylina, Luisa"]
[Black "Pavan Karthikeya Varma Gunturi"]
[Result "0-1"]
[ECO "E28"]
[WhiteElo "2124"]
[BlackElo "2056"]
[Annotator "ChessBase"]
[PlyCount "114"]
[EventDate "2024.09.24"]
[EventType "tourn"]
[EventCountry "HUN"]
[SourceTitle "playchess.com"]
[Source "ChessBase"]
[SourceQuality "1"]
[TimeControl "5400+30"]

1. d4 Nf6 2. c4 e6 3. Nc3 Bb4 4. a3 Bxc3+ 5. bxc3 O-O 6. e3 b6 7. Bd3 Bb7 8. f3 d6 9. Ne2 e5 10. e4 Nbd7 11. O-O Re8 12. Ng3 Nf8 13. Qc2 c5 14. Be3 Ng6 15. Rae1 Rc8 16. d5 Rc7 17. Qd2 Bc8 18. Nf5 Bxf5 19. exf5 Nf8 20. Bg5 h6 21. Bh4 N8h7 22. g4 Qd7 23. Kh1 b5 24. Rg1 bxc4 25. Bxc4 Qa4 26. Qd3 Rb8 27. g5 hxg5 28. Bxg5 Nxg5 29. Rxg5 Rb2 30. Reg1 Qc2 31. Rxg7+ Kf8 32. R7g2 Qxd3 33. Bxd3 Rb3 34. Rc2 Nxd5 35. Rgc1 Rxa3 36. Be4 Nf6 37. Rd2 Rd7 38. Bc6 Rd8 39. c4 Ra6 40. Be4 Rb8 41. Rcd1 Ke7 42. Rg2 Rb4 43. Bd3 Nh5 44. Rgd2 Nf4 45. Bf1 Rb3 46. Bg2 Rc3 47. h4 Nxg2 48. Kxg2 Rxc4 49. Kg3 Rf4 50. h5 Rxf5 51. Rh2 Kf8 52. h6 Rg5+ 53. Kh4 Rg6 54. Kh5 d5 55. Rc2 Rxh6+ 56. Kg5 Rag6+ 57. Kf5 Rh5# 0-1

[Event "SixDays Budapest IM-A 09-2024"]
[Site "Budapest"]
[Date "2024.09.28"]
[Round "8.2"]
[White "Pacher, Milan"]
[Black "Bashirov, Kemal"]
[Result "1-0"]
[ECO "B51"]
[WhiteElo "2343"]
[BlackElo "2328"]
[Annotator "ChessBase"]
[PlyCount "77"]
[EventDate "2024.09.24"]
[EventType "tourn"]
[EventCountry "HUN"]
[SourceTitle "playchess.com"]
[Source "ChessBase"]
[SourceQuality "1"]
[TimeControl "5400+30"]

1. e4 c5 2. Nf3 d6 3. Bb5+ Nd7 4. d4 cxd4 5. Qxd4 a6 6. Bxd7+ Bxd7 7. Nc3 e5 8. Qd3 h6 9. Nd2 Rc8 10. Nc4 Be6 11. Ne3 Nf6 12. O-O Be7 13. Ncd5 O-O 14. c4 Nxd5 15. Nxd5 f5 16. b3 fxe4 17. Qxe4 Bf5 18. Qe2 b5 19. cxb5 Rc2 20. Qd1 Bg5 21. Bxg5 Qxg5 22. Ne3 Be4 23. bxa6 h5 24. Qxd6 Rf6 25. Qb4 Bf3 26. a7 Rc8 27. h4 Qg6 28. Rac1 Rcf8 29. Qb8 Ba8 30. Qxe5 Re6 31. Qg5 Qf7 32. Nd5 Qxa7 33. Rc7 Qd4 34. Ne7+ Kh7 35. Nf5 Rxf5 36. Qxf5+ Rg6 37. Qxh5+ Rh6 38. Qf5+ Rg6 39. h5 1-0

[Event "SixDays Budapest IM-A 09-2024"]
[Site "Budapest"]
[Date "2024.09.28"]
[Round "8.3"]
[White "Wadifa, Ahmed"]
[Black "Kwon, Sehyun"]
[Result "1-0"]
[ECO "B12"]
[WhiteElo "1988"]
[BlackElo "2248"]
[Annotator "ChessBase"]
[PlyCount "89"]
[EventDate "2024.09.24"]
[EventType "tourn"]
[EventCountry "HUN"]
[SourceTitle "playchess.com"]
[Source "ChessBase"]
[SourceQuality "1"]
[TimeControl "5400+30"]

1. e4 c6 2. d4 d5 3. e5 c5 4. c3 Nc6 5. Be2 cxd4 6. cxd4 Bf5 7. Nf3 e6 8. O-O Bg4 9. Nbd2 Nge7 10. Nb3 Nf5 11. Be3 Be7 12. Rc1 Qb6 13. h3 Bxf3 14. Bxf3 a5 15. a4 O-O 16. Bg4 Nxe3 17. fxe3 Qb4 18. Nc5 Nxe5 19. Nxe6 Nxg4 20. Nxf8 Nf6 21. Rxf6 Bxf6 22. Nd7 Bg5 23. Qd3 Qe7 24. Ne5 f6 25. h4 Bxh4 26. Nf3 Bg5 27. Nxg5 fxg5 28. Qb3 Qf7 29. Rf1 Qe6 30. Qxb7 Re8 31. Re1 g4 32. Qc7 Qe4 33. Re2 h5 34. Rf2 Qg6 35. Qxa5 Qb1+ 36. Kh2 Qe4 37. Qc7 Qg6 38. Qg3 Qd3 39. Qd6 Qe4 40. Rf4 Qxe3 41. Qxd5+ Re6 42. Rf5 g6 43. Rf6 g3+ 44. Kh3 Qc1 45. Qxe6+ 1-0

[Event "SixDays Budapest IM-A 09-2024"]
[Site "Budapest"]
[Date "2024.09.28"]
[Round "8.4"]
[White "Kao, Jamison Edrich"]
[Black "Ramsdal, Jens Albert"]
[Result "0-1"]
[ECO "B06"]
[WhiteElo "2125"]
[BlackElo "2328"]
[Annotator "ChessBase"]
[PlyCount "112"]
[EventDate "2024.09.24"]
[EventType "tourn"]
[EventCountry "HUN"]
[SourceTitle "playchess.com"]
[Source "ChessBase"]
[SourceQuality "1"]
[TimeControl "5400+30"]

1. e4 g6 2. d4 Bg7 3. Nc3 d5 4. e5 f6 5. Nf3 Bg4 6. Bf4 Nc6 7. Bb5 Nh6 8. exf6 exf6 9. Qe2+ Kf7 10. Bxc6 bxc6 11. O-O-O Rb8 12. Rhe1 Re8 13. Qxe8+ Qxe8 14. Rxe8 Rxe8 15. Bxc7 Nf5 16. Bg3 h5 17. h3 Bh6+ 18. Kb1 Bxf3 19. gxf3 Bg5 20. b4 Bh4 21. Bxh4 Nxh4 22. b5 cxb5 23. Nxd5 Rd8 24. Nf4 Nxf3 25. c3 Ng5 26. Re1 b4 27. d5 bxc3 28. Re3 Rb8+ 29. Kc2 Rb2+ 30. Kxc3 Rxf2 31. Nd3 Rf3 32. Re1 Nxh3 33. Kc4 Nf2 34. Nc5 Ng4 35. d6 Ne5+ 36. Kd5 Rf5 37. Ne6 h4 38. Nd8+ Ke8 39. Nb7 Kf7 40. Nd8+ Kg7 41. Ke6 Nd3 42. Nc6 Rc5 43. Rd1 Nf4+ 44. Kd7 h3 45. Nd8 Rd5 46. Ne6+ Kf7 47. Nd8+ Kg8 48. Rf1 g5 49. Ke7 Kg7 50. Nc6 Ng6+ 51. Ke6 Rc5 52. Nd4 Nf8+ 53. Ke7 Re5+ 54. Kd8 Rd5 55. Nf5+ Rxf5 56. Rxf5 h2 0-1

[Event "SixDays Budapest IM-A 09-2024"]
[Site "Budapest"]
[Date "2024.09.28"]
[Round "8.5"]
[White "Krishna C R G"]
[Black "Boyer, Mahel"]
[Result "0-1"]
[ECO "A40"]
[WhiteElo "2425"]
[BlackElo "2489"]
[Annotator "TA"]
[PlyCount "76"]
[EventDate "2024.09.24"]
[EventType "tourn"]
[EventCountry "HUN"]
[SourceTitle "playchess.com"]
[Source "ChessBase"]
[SourceQuality "1"]
[TimeControl "5400+30"]

1. d4 g6 2. g3 Bg7 3. Bg2 c5 4. d5 d6 5. e4 b5 6. Ne2 Nd7 7. a4 b4 8. O-O {[%emt 0:00:03] The position is equal.} Ba6 9. h3 Ngf6 10. Be3 O-O 11. Nd2 Re8 12. Re1 e6 13. dxe6 Rxe6 14. g4 h5 (14... Bb7 $11) 15. Nf4 $14 Re5 {[%emt 0:00:03] [#]} 16. Nd3 ({White should play} 16. gxh5 $1 $16 Nxh5 17. Nf3 Nxf4 18. Bxf4) 16... Re8 $15 17. f4 Qc7 (17... hxg4 $142 18. hxg4 Rb8) 18. g5 $11 Nh7 19. Rb1 (19. f5 $1 $14) 19... Bb7 (19... Rad8 $5) 20. Bf2 Nhf8 21. f5 Bd4 (21... gxf5 {feels hotter.} 22. Qxh5 c4 23. Nf4 fxe4 24. Bxe4 Rxe4 25. Rxe4 Bxe4 26. Nxe4 d5) 22. Bxd4 cxd4 23. Nxb4 Nc5 (23... gxf5 $11 {remains equal.} 24. Rf1 (24. exf5 $2 Bxg2 25. Qxh5 Bb7 $19) (24. Qxh5 $2 Qc5 $19) 24... fxe4 (24... Bxe4 $2 25. Nxe4 fxe4 26. Qxh5 $18) 25. Qxh5 Nc5 (25... Ng6 $2 26. Rxf7 Kxf7 27. Qh7+ Ke6 28. Qxg6+ Ke7 29. Nxe4 $18)) 24. Nd5 (24. Rf1 $16) 24... Bxd5 25. exd5 d3 {[%emt 0:01:29] Strongly threatening ...Rxe1+.} 26. c4 (26. Rf1 $16) 26... gxf5 27. Qxh5 $2 (27. b4 $11 Rxe1+ 28. Qxe1 Nxa4 29. Qe3) 27... Ng6 (27... Rxe1+ $19 {and Black stays clearly on top.} 28. Rxe1 Rb8) 28. b3 $2 ({Avoid the trap} 28. b4 $2 Nxa4 29. Qf3 Nc3 $19) (28. Qf3 $17 {keeps fighting.}) 28... Rxe1+ $19 29. Rxe1 Qa5 30. Nf3 (30. Qd1) 30... Ne4 31. Rd1 Qc3 32. Nh4 Qd4+ ({And not} 32... Qxb3 33. Nxg6 (33. Nxf5 $2 {is the wrong capture.} Ng3 $17) 33... fxg6 34. Qxg6+ Kh8 35. Qh6+ Kg8 36. Rf1 $11) 33. Kh2 Qe5+ 34. Kg1 Nf4 35. Qf3 Ne2+ {[%emt 0:00:02] Excellent horsemanship. Black mates.} 36. Kf1 {[%emt 0:00:15] [#]} Nd2+ $1 37. Rxd2 (37. Ke1 Nxf3+) 37... Qa1+ 38. Kf2 Qg1# {Weighted Error Value: White=1.11/Black=0.31.  Loses game:     	White=2     	---        Mistake:       	White=5     	Black=4      Inaccurate:     	White=2     	Black=4      OK:         	White=4     	Black=8      Best:        	White=2     	Black=1} 0-1

[Event "SixDays Budapest IM-A 09-2024"]
[Site "Budapest"]
[Date "2024.09.29"]
[Round "9.1"]
[White "Boyer, Mahel"]
[Black "Bashylina, Luisa"]
[Result "1-0"]
[ECO "B20"]
[WhiteElo "2489"]
[BlackElo "2124"]
[Annotator "TA"]
[PlyCount "79"]
[EventDate "2024.09.24"]
[EventType "tourn"]
[EventCountry "HUN"]
[SourceTitle "playchess.com"]
[Source "ChessBase"]
[SourceQuality "1"]
[TimeControl "5400+30"]

1. e4 c5 2. d3 e6 3. g3 d6 4. Bg2 g6 5. f4 Bg7 6. Nf3 Nc6 7. O-O Nge7 8. c3 O-O 9. Be3 Rb8 10. d4 d5 11. e5 cxd4 12. cxd4 f6 {[%emt 0:03:38] White is slightly better.} 13. exf6 Bxf6 14. Nc3 Nf5 15. Bf2 Bd7 16. Re1 Rc8 17. Rc1 Kh8 18. Rc2 a6 19. Kh1 b5 20. Ne2 Nb4 21. Rxc8 Qxc8 22. Qd2 (22. Nc1 {with more complications.} Qc2 23. a3 Rc8 24. g4) 22... a5 23. Nc3 Nd6 24. b3 {[%emt 0:03:53] Repels Nc4} Na6 25. Ne5 b4 26. Ne2 Bb5 27. Rc1 (27. a4 $14 bxa3 28. Qxa5) 27... Qb7 28. Be3 Rc8 29. Ng1 a4 30. bxa4 Bxa4 31. Ngf3 Ne4 {[%emt 0:00:49] Prevents Ng5.} 32. Qb2 Rxc1+ 33. Qxc1 Qc7 34. Qf1 Qb6 35. Ng5 Bb5 ({Avoid the trap} 35... Nxg5 $2 36. fxg5 Bg7 37. Qf7 $18) 36. Qf3 Nc3 {[%emt 0:03:25] Black cannot hold the game after this.} (36... Nc7 $14) 37. Qg4 Bxe5 (37... Be8) 38. fxe5 $18 {[%emt 0:00:32] [#] Threatening mate with Qf3.} Bd3 39. Qh4 ({Not} 39. Qxe6 Qxe6 40. Nxe6 Bc4 $11) 39... Qb7 40. Nxe6 {[%emt 0:00:34] Weighted Error Value: White=0.07 (flawless) /Black=0.32.  Loses game:     	---       	Black=1      Mistake:       	White=1     	Black=1      Inaccurate:     	---       	Black=5      OK:         	White=12    	Black=9      Best:        	---       	Black=1} 1-0

[Event "SixDays Budapest IM-A 09-2024"]
[Site "Budapest"]
[Date "2024.09.29"]
[Round "9.2"]
[White "Ramsdal, Jens Albert"]
[Black "Krishna C R G"]
[Result "0-1"]
[ECO "C02"]
[WhiteElo "2328"]
[BlackElo "2425"]
[Annotator "ChessBase"]
[PlyCount "132"]
[EventDate "2024.09.24"]
[EventType "tourn"]
[EventCountry "HUN"]
[SourceTitle "playchess.com"]
[Source "ChessBase"]
[SourceQuality "1"]
[TimeControl "5400+30"]

1. e4 e6 2. d4 d5 3. e5 c5 4. c3 Qb6 5. Nf3 Bd7 6. Be2 cxd4 7. cxd4 Bb5 8. Nc3 Bxe2 9. Nxe2 Bb4+ 10. Kf1 Nc6 11. g3 Bf8 12. Kg2 Nge7 13. Qd3 Nb4 14. Qd2 a5 15. a3 Na6 16. Qd3 Nc6 17. Nf4 g6 18. h4 Be7 19. h5 g5 20. Ne2 h6 21. Nh2 Nc7 22. Be3 a4 23. Nc3 Ra5 24. Rhc1 Qb3 25. Qd2 Ra6 26. Ng4 Na5 27. Nxa4 Nc4 28. Rxc4 dxc4 29. Nf6+ Bxf6 30. Nc5 c3 31. Nxb3 cxd2 32. exf6 Nd5 33. Bxd2 Nxf6 34. Nc5 Ra7 35. Rc1 O-O 36. Nd3 Nd5 37. Nb4 Ra5 38. Nxd5 Rxd5 39. Rc7 Rb8 40. Bc3 g4 41. Rc5 b6 42. Rxd5 exd5 43. Bd2 Kg7 44. a4 b5 45. Bf4 Ra8 46. axb5 Ra5 47. b4 Rxb5 48. Be5+ Kf8 49. Bd6+ Ke8 50. f3 f5 51. Kf2 Rb6 52. Be5 gxf3 53. Kxf3 Kf7 54. Kf4 Ke6 55. Bg7 Rxb4 56. Ke3 Rb1 57. Bxh6 Rh1 58. Bg7 Rxh5 59. Be5 Rh1 60. Kf3 Re1 61. Bg7 Re4 62. Bh8 Kd7 63. Be5 Kc6 64. Bf6 Kb5 65. Bg7 Kc4 66. Bf6 Rxd4 0-1

[Event "SixDays Budapest IM-A 09-2024"]
[Site "Budapest"]
[Date "2024.09.29"]
[Round "9.3"]
[White "Kwon, Sehyun"]
[Black "Kao, Jamison Edrich"]
[Result "1-0"]
[ECO "A49"]
[WhiteElo "2248"]
[BlackElo "2125"]
[Annotator "ChessBase"]
[PlyCount "85"]
[EventDate "2024.09.24"]
[EventType "tourn"]
[EventCountry "HUN"]
[SourceTitle "playchess.com"]
[Source "ChessBase"]
[SourceQuality "1"]
[TimeControl "5400+30"]

1. d4 Nf6 2. Nf3 g6 3. g3 Bg7 4. Bg2 O-O 5. O-O d6 6. b3 e5 7. dxe5 Nfd7 8. Bg5 Qe8 9. Nc3 dxe5 10. Nd5 Na6 11. Be7 c6 12. Bxf8 Qxf8 13. Nc3 Qb4 14. Na4 e4 15. c3 Qa3 16. Nd4 b5 17. Nxc6 bxa4 18. Bxe4 Qf8 19. Ne7+ Qxe7 20. Bxa8 Nb6 21. Bg2 Bxc3 22. Rc1 Be5 23. bxa4 Be6 24. a5 Nc4 25. Qa4 Qb4 26. Qc6 Nc7 27. Rfd1 Qb5 28. Qxb5 Nxb5 29. Bd5 Nb2 30. Rd2 Na4 31. Bxe6 fxe6 32. Rc8+ Kg7 33. Rd7+ Kh6 34. Rc4 Nac3 35. Rh4+ Kg5 36. f4+ Bxf4 37. Rxf4 Nxe2+ 38. Kf2 Nxf4 39. gxf4+ Kxf4 40. a4 Nc3 41. Rxa7 Ke5 42. a6 Kd6 43. Rxh7 1-0

[Event "SixDays Budapest IM-A 09-2024"]
[Site "Budapest"]
[Date "2024.09.29"]
[Round "9.4"]
[White "Bashirov, Kemal"]
[Black "Wadifa, Ahmed"]
[Result "0-1"]
[ECO "D51"]
[WhiteElo "2328"]
[BlackElo "1988"]
[Annotator "ChessBase"]
[PlyCount "98"]
[EventDate "2024.09.24"]
[EventType "tourn"]
[EventCountry "HUN"]
[SourceTitle "playchess.com"]
[Source "ChessBase"]
[SourceQuality "1"]
[TimeControl "5400+30"]

1. d4 d5 2. c4 e6 3. Nc3 Nf6 4. Bg5 Nbd7 5. cxd5 exd5 6. e3 Be7 7. Bd3 c6 8. Nf3 O-O 9. O-O Re8 10. Qc2 h6 11. Bf4 Nh5 12. Nxd5 Nxf4 13. Nxf4 Bd6 14. Ne2 Nf8 15. Ng3 Bg4 16. Nd2 h5 17. Bf5 Bxf5 18. Qxf5 g6 19. Qf3 Nh7 20. Nge4 Bc7 21. Qd1 Qd5 22. Nc3 Qd6 23. f4 Qb4 24. a3 Qxb2 25. Nc4 Qxc3 26. Rc1 Rxe3 27. Rxc3 Rxc3 28. f5 g5 29. Ne5 Nf6 30. Qd2 Ne4 31. Qe2 Nf6 32. Qb2 Nd5 33. Nxf7 Kxf7 34. Qe2 Nf4 35. Rxf4 Bxf4 36. Qxh5+ Ke7 37. Qg6 Re8 38. f6+ Kd7 39. f7 Rf8 40. h4 Ke7 41. Qe4+ Kxf7 42. d5 Re8 43. Qh7+ Kf6 44. Qh6+ Kf7 45. Qh7+ Kf6 46. Qh6+ Kf7 47. Qh5+ Ke7 48. hxg5 Bg3 49. Kf1 Kd8 0-1

[Event "SixDays Budapest IM-A 09-2024"]
[Site "Budapest"]
[Date "2024.09.29"]
[Round "9.5"]
[White "Pavan Karthikeya Varma Gunturi"]
[Black "Pacher, Milan"]
[Result "1/2-1/2"]
[ECO "C04"]
[WhiteElo "2056"]
[BlackElo "2343"]
[Annotator "ChessBase"]
[PlyCount "51"]
[EventDate "2024.09.24"]
[EventType "tourn"]
[EventCountry "HUN"]
[SourceTitle "playchess.com"]
[Source "ChessBase"]
[SourceQuality "1"]
[TimeControl "5400+30"]

1. e4 e6 2. d4 d5 3. Nd2 Nc6 4. Ngf3 Nf6 5. e5 Nd7 6. c3 f6 7. exf6 Qxf6 8. Bb5 Bd6 9. Nf1 Ne7 10. Bg5 Qf7 11. Bxe7 Qxe7 12. Ne3 O-O 13. O-O c6 14. Bd3 e5 15. Nf5 Qf6 16. Nxd6 Qxd6 17. dxe5 Nxe5 18. Nxe5 Qxe5 19. Qe2 Qxe2 20. Bxe2 Bf5 21. Rfe1 Rfe8 22. f3 Kf7 23. Kf2 Re5 24. Bf1 Rae8 25. Rxe5 Rxe5 26. Re1 1/2-1/2